 Dungeon Crawl Stone Soup version 0.19-a0-1686-g35356ef (webtiles) character file.

176 JeffiDaFish the Firebug (level 5, -1/39 HPs)
             Began as a Draconian Fire Elementalist on Sept 25, 2016.
             Killed from afar by an orc wizard (4 damage)
             ... with a magic dart
             ... on level 3 of the Dungeon on Sept 26, 2016.
             The game lasted 00:16:04 (2561 turns).

JeffiDaFish the Firebug (DrFE)                      Turns: 2561, Time: 00:16:04

Health: -1/39      AC:  6    Str: 10    XL:     5   Next: 30%
Magic:  0/9        EV: 12    Int: 16    God:
Gold:   182        SH:  0    Dex: 12    Spells: 2 memorised, 6 levels left

rFire  . . .     SeeInvis .     m - +0 spear
rCold  . . .     Gourm    .     (armour unavailable)
rNeg   . . .     Faith    .     (no shield)
rPois  .         Spirit   +     (helmet restricted)
rElec  .         Dismiss  .     (no cloak)
rCorr  .         Reflect  .     (no gloves)
MR     .....     Harm     .     (no boots)
Stlth  ++........               g - amulet of guardian spirit
                                (no ring)
                                f - ring of flight

@: no status effects
A: unfitting armour, cold-blooded, AC +5
a: Evoke Flight


You were on level 3 of the Dungeon.
You were not hungry.

You visited 1 branch of the dungeon, and saw 4 of its levels.

You collected 182 gold pieces.

Inventory:

Hand Weapons
 c - a +0 short sword
 m - a +0 spear (weapon)
Jewellery
 f - a ring of flight (left hand)
 g - an amulet of guardian spirit (around neck)
 n - an uncursed ring of protection from cold {unknown}
Wands
 j - a wand of digging (9/24)
Scrolls
 i - a scroll of identify
 k - a scroll of amnesia
Potions
 d - a potion of heal wounds
 e - 3 potions of curing
Books
 a - a book of Flames

   Spells                             Type                      Level
   a - Flame Tongue                   Conjuration/Fire             1
   b - Throw Flame                    Conjuration/Fire             2
   c - Conjure Flame                  Conjuration/Fire             3
   d - Inner Flame                    Hexes/Fire                   3
   e - Sticky Flame                   Conjuration/Fire             4
   f - Fireball                       Conjuration/Fire             5
Comestibles
 b - 4 bread rations
 h - 3 meat rations
 l - 11 chunks of flesh


   Skills:
 + Level 0.7 Fighting
 - Level 1.7 Short Blades
 + Level 0.4 Polearms
 + Level 2.4 Dodging
 + Level 2.7 Stealth
 - Level 0.2 Unarmed Combat
 * Level 2.9 Spellcasting
 + Level 1.6 Conjurations
 + Level 3.7 Fire Magic


You had 6 spell levels left.
You knew the following spells:

 Your Spells              Type           Power        Failure   Level  Hunger
a - Flame Tongue          Conj/Fire      ##...        10%         1    #......
b - Throw Flame           Conj/Fire      ##....       12%         2    ##.....


Dungeon Overview and Level Annotations

Branches:
Dungeon (4/15)
 Temple: D:4-7

Altars:
Kikubaaqudgha
Trog


Innate Abilities, Weirdness & Mutations

Your plain brown scales are hard. (AC +5)
You cannot fit into any form of body armour.
You are cold-blooded and may be slowed by cold attacks.


Message History

The orc wizard is moderately wounded.
The orc completely misses you. The orc wizard closely misses you.
You closely miss the orc wizard.
The orc wizard is moderately wounded.
The orc wizard casts a spell at you. The magic dart hits you! The orc hits you.
* * * LOW HITPOINT WARNING * * *
The orc wizard gestures wildly while chanting.
The orc hits you.
* * * LOW HITPOINT WARNING * * *
The orc wizard gestures at you while chanting.
You resist with some effort.
You climb upwards.
There is a stone staircase leading down here.
The orc wizard hits you with a dagger.
* * * LOW HITPOINT WARNING * * *
The orc hits you but does no damage.
The orc wizard gestures at you while chanting.
The magic dart hits you!
You die...

#. #. ###. #...
############### #.##
#.............# #.#
#........####.# #.##
#....o<..####.# #...
#.....@.....#.#########
#....o...##.#.......#
#........##.....###.###
#.........)[..........#
#.##..########)##.....#
#.#...# ####.##.#.#.#
#.#.#.# #.........#.#
##.....## ##...###......
#.......###.....##..#...


You could see an orc wizard and an orc.

Vanquished Creatures
  An orc priest (D:4)
  8 adders
  An ooze (D:2)
  A worm (D:2)
  A dart slug (D:3)
  4 leopard geckos
  4 orcs (D:3)
  11 goblins
  5 hobgoblins
  2 jackals (D:2)
  7 bats
  5 frilled lizards
  7 kobolds
  6 rats
63 creatures vanquished.

Notes
Turn   | Place    | Note
-------+----------+-------------------------------------------
     0 | D:1      | JeffiDaFish the Draconian Fire Elementalist began the quest for the Orb.
     0 | D:1      | Reached XP level 1. HP: 14/14 MP: 3/3
   471 | D:1      | Reached XP level 2. HP: 20/20 MP: 3/5
   544 | D:1      | Learned a level 2 spell: Throw Flame
   739 | D:2      | Reached XP level 3. HP: 25/26 MP: 1/6
   873 | D:2      | Found an ancient bone altar of Kikubaaqudgha.
  1089 | D:2      | Reached skill level 1 in Short Blades
  1575 | D:2      | Reached XP level 4. HP: 33/33 MP: 2/7
  1832 | D:3      | Found a bloodstained altar of Trog.
  2404 | D:3      | Reached XP level 5. HP: 39/39 MP: 7/9
  2561 | D:3      | Killed from afar by an orc wizard

Vault maps used:
D:1:      minmay_arrival_three_doors
D:2:      kiku_gazebo_garden_becter
D:3:      bloody_trog, first_bread
D:4:      kennysheep_slug_shrine, nicolae_ru_path_of_blood, serial_shops,
          nicolae_shop_behind_doors, uniq_duvessa

Skill      XL: |  1  2  3 |
---------------+----------+-----
Dodging        | 2 |  2.4
Stealth        | 2 |  2.7
Short Blades   | 1 |  1.7
Fighting       | |  0.7
Polearms       | |  0.4
Unarmed Combat | |  0.2
Spellcasting   | |  2.9
Conjurations   | |  1.6
Fire Magic     | |  3.7

Action                   |  1- 3 |  4- 6 || total
-------------------------+-------+-------++-------
Melee: Unarmed           |    29 |       ||    29
       Short sword       |    80 |    19 ||    99
       Tailslap          |     8 |     4 ||    12
       Spear             |       |    41 ||    41
 Cast: Flame Tongue      |    20 |    26 ||    46
       Throw Flame       |     6 |    11 ||    17
  Use: Scroll            |     4 |     2 ||     6
       Potion            |     3 |       ||     3
 Stab: Sleeping          |     2 |     2 ||     4
  Eat: Chunk             |     3 |     1 ||     4
       Bread ration      |       |     1 ||     1
Armor: Skin              |    26 |    22 ||    48
Dodge: Dodged            |    76 |    40 ||   116
